TOP OF THE 1ST |
Los Angeles (NYP) Dodgers batting - Pitching for Rome Braves : RHP Nikita Eliseenko
|
Pitching: RHP Nikita Eliseenko
|
|
Batting: LHB Nate Kee
|
0-0: Called Strike 0-1: Ball 1-1: Ball 2-1: Foul Ball, location: 2F 2-2: Strikes out swinging, 2-3 out at first.
|
Batting: RHB Pat Adams
|
0-0: Called Strike 0-1: Ball 1-1: Ball 2-1: Hit by Pitch
|
Batting: SHB Rich Rubio
|
0-0: Called Strike Pat Adams steals 2nd base 0-1: Foul Ball, location: 2F 0-2: Ball 1-2: Ground out 4-3 (Groundball, 4, EV 105.0 MPH) Pat Adams to third
|
Batting: LHB Stephen Van Raalte
|
0-0: Ball 1-0: Ground out U3 (Groundball, 3, EV 86.9 MPH)
|
Top of the 1st over - 0 runs, 0 hits, 0 errors, 1 left on base; Los Angeles (NYP) 0 - Rome 0 |
BOTTOM OF THE 1ST |
Rome Braves batting - Pitching for Los Angeles (NYP) Dodgers : RHP Luke Kinman
|
Pitching: RHP Luke Kinman
|
|
Batting: LHB Robby Dann
|
0-0: Called Strike 0-1: Foul Ball, location: 2F 0-2: Foul Ball, location: 2F 0-2: Ball 1-2: Fly out, F8 (Flyball, 78M, EV 95.0 MPH)
|
Batting: LHB Joe Phillips
|
0-0: Called Strike 0-1: DOUBLE (Groundball, 3L, EV 100.6 MPH)
|
Batting: RHB Hisayuki Akiyama
|
0-0: Ball 1-0: Called Strike 1-1: Ball 2-1: Foul Ball, location: 2F 2-2: SINGLE (Line Drive, 7S, EV 93.8 MPH) Joe Phillips to third Runner from 3rd tries for Home, SAFE, throw by LF to home Hisayuki Akiyama to second
|
Batting: RHB Jose Ramos
|
0-0: Called Strike 0-1: Called Strike Hisayuki Akiyama steals 3rd base 0-2: Fly out, F8 (Flyball, 8LD, EV 82.5 MPH) Runner from 3rd tags up, SCORES, throw by CF
|
Batting: LHB Javier Rubio
|
0-0: Ball 1-0: Called Strike 1-1: Ball 2-1: Fly out, F8 (Flyball, 8LM, EV 88.1 MPH)
|
Bottom of the 1st over - 2 runs, 2 hits, 0 errors, 0 left on base; Los Angeles (NYP) 0 - Rome 2 |
TOP OF THE 2ND |
Los Angeles (NYP) Dodgers batting - Pitching for Rome Braves : RHP Nikita Eliseenko
|
Batting: RHB Gary Ming
|
0-0: Ball 1-0: Ground out 5-3 (Groundball, 56S, EV 78.1 MPH)
|
Batting: RHB Jonathan Kirsch
|
0-0: DOUBLE (Groundball, 5L, EV 105.6 MPH)
|
Batting: RHB David Watkins
|
0-0: Called Strike 0-1: Ball 1-1: Foul Ball, location: 2F 1-2: Strikes out swinging
|
Batting: SHB Josh Vaill
|
0-0: Ball 1-0: Foul Ball, location: 2F 1-1: Foul Ball, location: 2F 1-2: Strikes out swinging
|
Top of the 2nd over - 0 runs, 1 hit, 0 errors, 1 left on base; Los Angeles (NYP) 0 - Rome 2 |
BOTTOM OF THE 2ND |
Rome Braves batting - Pitching for Los Angeles (NYP) Dodgers : RHP Luke Kinman
|
Batting: RHB Toki Takeuchi
|
0-0: Ball 1-0: Called Strike 1-1: Foul Ball, location: 2F 1-2: Foul Ball, location: 2F 1-2: Strikes out swinging
|
Batting: RHB Peter Wheeler
|
0-0: Ball 1-0: SINGLE (Line Drive, 8LS, EV 96.2 MPH)
|
Batting: LHB Malik Boulay
|
0-0: SINGLE (Groundball, 4D, EV 95.6 MPH) Peter Wheeler to second
|
Batting: RHB Adonis Jenifer
|
0-0: Ball 1-0: Fielders Choice at 2nd, 4-6 (Groundball, 4, EV 100.0 MPH) Peter Wheeler to third
|
Batting: LHB Robby Dann
|
0-0: Ball 1-0: Called Strike 1-1: Ball 2-1: Ground out 4-3 (Groundball, 4, EV 81.2 MPH)
|
Bottom of the 2nd over - 0 runs, 2 hits, 0 errors, 2 left on base; Los Angeles (NYP) 0 - Rome 2 |
TOP OF THE 3RD |
Los Angeles (NYP) Dodgers batting - Pitching for Rome Braves : RHP Nikita Eliseenko
|
Batting: RHB Mike Kaczor
|
0-0: Ground out 6-3 (Groundball, 6, EV 87.5 MPH)
|
Batting: LHB Nate Kee
|
0-0: Called Strike 0-1: Ball 1-1: Ball 2-1: Swinging Strike 2-2: Strikes out swinging
|
Batting: RHB Pat Adams
|
0-0: Called Strike 0-1: Ball 1-1: Foul Ball, location: 2F 1-2: Ball 2-2: Strikes out swinging, 2-3 out at first.
|
Top of the 3rd over - 0 runs, 0 hits, 0 errors, 0 left on base; Los Angeles (NYP) 0 - Rome 2 |
BOTTOM OF THE 3RD |
Rome Braves batting - Pitching for Los Angeles (NYP) Dodgers : RHP Luke Kinman
|
Batting: LHB Joe Phillips
|
0-0: Ball 1-0: Ball 2-0: DOUBLE (Groundball, 3L, EV 96.9 MPH)
|
Batting: RHB Hisayuki Akiyama
|
0-0: Called Strike 0-1: Ball 1-1: Called Strike 1-2: Fly out, F9 (Flyball, 9, EV 90.0 MPH)
|
Batting: RHB Jose Ramos
|
0-0: Ball 1-0: Swinging Strike 1-1: TRIPLE (Groundball, 5L, EV 100.0 MPH) Joe Phillips scores
|
Batting: LHB Javier Rubio
|
0-0: Ball 1-0: Foul Ball, location: 2F 1-1: Ground out 4-3 (Groundball, 4, EV 86.2 MPH) Jose Ramos scores
|
Batting: RHB Toki Takeuchi
|
0-0: Ball 1-0: Called Strike 1-1: Foul Ball, location: 2F 1-2: Ball 2-2: Fly out, F8 (Flyball, 8RM, EV 84.4 MPH)
|
Bottom of the 3rd over - 2 runs, 2 hits, 0 errors, 0 left on base; Los Angeles (NYP) 0 - Rome 4 |
TOP OF THE 4TH |
Los Angeles (NYP) Dodgers batting - Pitching for Rome Braves : RHP Nikita Eliseenko
|
Batting: SHB Rich Rubio
|
0-0: Fly out, F8 (Flyball, 8LD, EV 83.1 MPH)
|
Batting: LHB Stephen Van Raalte
|
0-0: Swinging Strike 0-1: Foul Ball, location: 2F 0-2: Ball 1-2: Strikes out swinging
|
Batting: RHB Gary Ming
|
0-0: Ball 1-0: Foul Ball, location: 2F 1-1: Called Strike 1-2: Ball 2-2: Fly out, F8 (Flyball, 78D, EV 103.1 MPH)
|
Top of the 4th over - 0 runs, 0 hits, 0 errors, 0 left on base; Los Angeles (NYP) 0 - Rome 4 |
BOTTOM OF THE 4TH |
Rome Braves batting - Pitching for Los Angeles (NYP) Dodgers : RHP Luke Kinman
|
Batting: RHB Peter Wheeler
|
0-0: Called Strike 0-1: Swinging Strike 0-2: Strikes out swinging
|
Batting: LHB Malik Boulay
|
0-0: Ball 1-0: Swinging Strike 1-1: Swinging Strike 1-2: Strikes out looking
|
Batting: RHB Adonis Jenifer
|
0-0: Ball 1-0: Swinging Strike 1-1: Swinging Strike 1-2: Ball 2-2: Strikes out swinging
|
Bottom of the 4th over - 0 runs, 0 hits, 0 errors, 0 left on base; Los Angeles (NYP) 0 - Rome 4 |
TOP OF THE 5TH |
Los Angeles (NYP) Dodgers batting - Pitching for Rome Braves : RHP Nikita Eliseenko
|
Batting: RHB Jonathan Kirsch
|
0-0: Foul Ball, location: 2F 0-1: Foul Ball, location: 2F 0-2: Ball 1-2: Foul Ball, location: 2F 1-2: Ball 2-2: Strikes out swinging
|
Batting: RHB David Watkins
|
0-0: Ball 1-0: Ball 2-0: Called Strike 2-1: Ground out 5-3 (Groundball, 56, EV 86.2 MPH)
|
Batting: SHB Josh Vaill
|
0-0: Foul Ball, location: 2F 0-1: Ball 1-1: Foul Ball, location: 2F 1-2: Foul Ball, location: 2F 1-2: Fly out, F7 (Flyball, 78D, EV 77.5 MPH)
|
Top of the 5th over - 0 runs, 0 hits, 0 errors, 0 left on base; Los Angeles (NYP) 0 - Rome 4 |
BOTTOM OF THE 5TH |
Rome Braves batting - Pitching for Los Angeles (NYP) Dodgers : RHP Luke Kinman
|
Batting: LHB Robby Dann
|
0-0: Ground out 5-3 (Groundball, 56, EV 86.2 MPH)
|
Batting: LHB Joe Phillips
|
0-0: Called Strike 0-1: Called Strike 0-2: Ground out U3 (Groundball, 3, EV 98.8 MPH)
|
Batting: RHB Hisayuki Akiyama
|
0-0: Foul Ball, location: 2F 0-1: Ball 1-1: Called Strike 1-2: Ball 2-2: DOUBLE (Line Drive, 3D, EV 108.8 MPH)
|
Batting: RHB Jose Ramos
|
0-0: Called Strike 0-1: Ball 1-1: Foul Ball, location: 2F 1-2: Strikes out swinging
|
Bottom of the 5th over - 0 runs, 1 hit, 0 errors, 1 left on base; Los Angeles (NYP) 0 - Rome 4 |
TOP OF THE 6TH |
Los Angeles (NYP) Dodgers batting - Pitching for Rome Braves : RHP Nikita Eliseenko
|
Batting: RHB Mike Kaczor
|
0-0: Ball 1-0: Ball 2-0: Called Strike 2-1: Foul Ball, location: 2F 2-2: Strikes out looking
|
Batting: LHB Nate Kee
|
0-0: Ball 1-0: Ball 2-0: DOUBLE (Line Drive, 9LD, EV 106.2 MPH)
|
Batting: RHB Pat Adams
|
0-0: Called Strike 0-1: Ball 1-1: Foul Ball, location: 2F 1-2: Ball 2-2: Ball 3-2: Strikes out swinging
|
Batting: SHB Rich Rubio
|
0-0: Called Strike 0-1: Foul Ball, location: 2F 0-2: Foul Ball, location: 2F 0-2: Strikes out looking
|
Top of the 6th over - 0 runs, 1 hit, 0 errors, 1 left on base; Los Angeles (NYP) 0 - Rome 4 |
BOTTOM OF THE 6TH |
Rome Braves batting - Pitching for Los Angeles (NYP) Dodgers : RHP Luke Kinman
|
Batting: LHB Javier Rubio
|
0-0: Foul Ball, location: 2F 0-1: Ball 1-1: Ball 2-1: TRIPLE (Flyball, 8RXD, EV 106.2 MPH)
|
Batting: RHB Toki Takeuchi
|
0-0: Ball 1-0: Called Strike 1-1: Ball 2-1: Ball 3-1: Called Strike 3-2: Foul Ball, location: 2F 3-2: Strikes out looking
|
Batting: RHB Peter Wheeler
|
0-0: Called Strike 0-1: Ball 1-1: Swinging Strike 1-2: Strikes out swinging
|
Batting: LHB Malik Boulay
|
0-0: Ball 1-0: Called Strike 1-1: Ball 2-1: Ball 3-1: Foul Ball, location: 2F 3-2: Strikes out swinging
|
Bottom of the 6th over - 0 runs, 1 hit, 0 errors, 1 left on base; Los Angeles (NYP) 0 - Rome 4 |
TOP OF THE 7TH |
Los Angeles (NYP) Dodgers batting - Pitching for Rome Braves : RHP Nikita Eliseenko
|
Batting: LHB Stephen Van Raalte
|
0-0: Called Strike 0-1: Called Strike 0-2: Strikes out looking
|
Batting: RHB Gary Ming
|
0-0: Called Strike 0-1: Ground out U3 (Groundball, 34, EV 76.9 MPH)
|
Batting: RHB Jonathan Kirsch
|
0-0: Ball 1-0: SOLO HOME RUN (Flyball, 78XD, EV 105.6 MPH), Distance : 429 ft
|
Batting: RHB David Watkins
|
0-0: Called Strike 0-1: Called Strike 0-2: Strikes out looking
|
Top of the 7th over - 1 run, 1 hit, 0 errors, 0 left on base; Los Angeles (NYP) 1 - Rome 4 |
BOTTOM OF THE 7TH |
Rome Braves batting - Pitching for Los Angeles (NYP) Dodgers : RHP Luke Kinman
|
Pitching: RHP Bob Medellin
|
|
Batting: RHB Adonis Jenifer
|
0-0: Called Strike 0-1: Ground out 6-3 (Groundball, 6, EV 83.8 MPH)
|
Pitching: RHP Greg Weislo
|
|
Batting: LHB Robby Dann
|
0-0: Foul Ball, location: 2F 0-1: Ball 1-1: Foul Ball, location: 2F 1-2: Fly out, F3 (Line Drive, 3, EV 66.2 MPH)
|
Batting: LHB Joe Phillips
|
0-0: Ball 1-0: Foul Ball, location: 2F 1-1: Swinging Strike 1-2: Foul Ball, location: 2F 1-2: Ground out U3 (Groundball, 3L, EV 86.9 MPH)
|
Bottom of the 7th over - 0 runs, 0 hits, 0 errors, 0 left on base; Los Angeles (NYP) 1 - Rome 4 |
TOP OF THE 8TH |
Los Angeles (NYP) Dodgers batting - Pitching for Rome Braves : RHP Nikita Eliseenko
|
Batting: SHB Josh Vaill
|
0-0: Ball 1-0: Ball 2-0: Called Strike 2-1: Foul Ball, location: 2F 2-2: Foul Ball, location: 2F 2-2: Ball 3-2: Strikes out swinging
|
Pitching: RHP Gareth Cutts
|
|
Batting: RHB Mike Kaczor
|
0-0: Called Strike 0-1: Foul Ball, location: 2F 0-2: Ball 1-2: Ground out 5-3 (Groundball, 5S, EV 83.8 MPH)
|
Batting: LHB Nate Kee
|
0-0: Foul Ball, location: 2F 0-1: Swinging Strike 0-2: Ball 1-2: Ball 2-2: Ground out 4-3 (Groundball, 13, EV 80.6 MPH)
|
Top of the 8th over - 0 runs, 0 hits, 0 errors, 0 left on base; Los Angeles (NYP) 1 - Rome 4 |
BOTTOM OF THE 8TH |
Rome Braves batting - Pitching for Los Angeles (NYP) Dodgers : RHP Greg Weislo
|
Batting: RHB Hisayuki Akiyama
|
0-0: Ball 1-0: Foul Ball, location: 2F 1-1: Ground out 6-3 (Groundball, 6, EV 101.9 MPH)
|
Batting: RHB Jose Ramos
|
0-0: Ball 1-0: Fly out, F8 (Line Drive, 8RD, EV 98.1 MPH)
|
Batting: LHB Javier Rubio
|
0-0: Swinging Strike 0-1: Swinging Strike 0-2: Strikes out swinging
|
Bottom of the 8th over - 0 runs, 0 hits, 0 errors, 0 left on base; Los Angeles (NYP) 1 - Rome 4 |
TOP OF THE 9TH |
Los Angeles (NYP) Dodgers batting - Pitching for Rome Braves : RHP Gareth Cutts
|
Batting: RHB Pat Adams
|
0-0: Ball 1-0: Ground out 5-3 (Groundball, 56S, EV 63.8 MPH)
|
Batting: SHB Rich Rubio
|
0-0: Ground out 5-3 (Groundball, 56, EV 103.8 MPH)
|
Batting: LHB Stephen Van Raalte
|
0-0: Foul Ball, location: 2F 0-1: Swinging Strike 0-2: Strikes out swinging
|
Top of the 9th over - 0 runs, 0 hits, 0 errors, 0 left on base; Los Angeles (NYP) 1 - Rome 4 |
|